 Dungeon Crawl Stone Soup version 0.27-a0-1186-g8b4daa1eef (webtiles) character file.

Game seed: 18137502728394209209

4754 robertstho the Thaumaturge (level 10, -4/64 HPs)
             Began as a Djinni Fire Elementalist on May 19, 2021.
             Slain by an elephant (15 damage)
             ... on level 8 of the Dungeon.
             The game lasted 00:17:18 (10589 turns).

robertstho the Thaumaturge (DjFE)                  Turns: 10589, Time: 00:17:19

Health: -4/64      AC:  9    Str:  7    XL:     10   Next: 74%
Gold:   317        EV: 14    Int: 30    God:
                   SH:  5    Dex: 20

rFire    + . .     SeeInvis .   s - +8 dagger "Quiwaxza" {venom, Contam Dex+6 Stlth+}
rCold    . . .     Faith    .   (no shield)
rNeg     . . .     Spirit   .   a - +0 robe
rPois    ∞         Reflect  +   d - +1 helmet
rElec    .         Harm     .   g - +0 cloak
rCorr    .         Rampage  .   (no gloves)
Will     +....                  (boots unavailable)
Stlth    ++++......             u - amulet of reflection
HPRegen  0.20/turn              k - ring "Ibuck" {AC+4 Int+4}
MPRegen  0.00/turn              p - ring of Tiur {Ice Int+6}

@: brilliant, freezing walls, flying
A: sickness immunity, fire resistance 2, cold vulnerability 1, float, innate
caster, hp casting, extra vitality 1
a: no special abilities


You were on level 8 of the Dungeon.
You visited 1 branch of the dungeon, and saw 8 of its levels.

You collected 340 gold pieces.
You spent 23 gold pieces at shops.

Inventory:

Hand Weapons
 c - a +0 dagger of electrocution
 r - a +3 long sword of draining
 s - the +8 dagger "Quiwaxza" (weapon) {venom, Contam Dex+6 Stlth+}
   (You found it on level 7 of the Dungeon)

   It poisons the flesh of those it strikes.
   It affects your dexterity (+6).
   It causes magical contamination when unequipped.
   It makes you more stealthy.
Missiles
 w - a curare-tipped dart
Armour
 a - a +0 robe (worn)
 d - a +1 helmet (worn)
 g - a +0 cloak (worn)
Jewellery
 k - the ring "Ibuck" (left hand) {AC+4 Int+4}
   (You acquired it on level 6 of the Dungeon)

   [ring of protection]

   It affects your AC (+4).
   It affects your intelligence (+4).
 p - the ring of Tiur (right hand) {Ice Int+6}
   (You acquired it on level 7 of the Dungeon)

   [ring of ice]

   It enhances your ice magic.
   It affects your intelligence (+6).
   It makes you vulnerable to fire.
   It protects you from cold.
 u - an amulet of reflection (around neck)
Wands
 f - a wand of mindburst (12)
 i - a wand of paralysis (7)
 l - a wand of digging (4)
Scrolls
 j - a scroll of blinking {unknown}
 n - 2 scrolls of brand weapon
 o - 2 scrolls of teleportation
 q - 2 scrolls of magic mapping
 t - a scroll of summoning {unknown}
 v - a scroll of fog {unknown}
Potions
 e - a potion of flight
 h - a potion of heal wounds {unknown}
 m - a potion of berserk rage {unknown}


   Skills:
 + Level 2.1 Fighting
 + Level 1.0(1.3) Short Blades
 + Level 1.2(1.4) Long Blades
 + Level 3.7 Dodging
 + Level 5.0 Stealth
 + Level 10.4 Spellcasting
 + Level 2.1 Evocations


You had 4 spell levels left.
You knew the following spells:

 Your Spells              Type           Power      Damage    Failure   Level
a - Foxfire               Conj/Fire      100%       2x1d9     1%          1
b - Conjure Flame         Conj/Fire      87%        6-21      1%          3
c - Inner Flame           Hex/Fire       87%        N/A       1%          3
d - Sticky Flame          Conj/Fire      87%        2d10      1%          4
e - Fireball              Conj/Fire      43%        3d17      1%          5
f - Shock                 Conj/Air       100%       1d9       1%          1
g - Poisonous Vapours     Pois/Air       100%       N/A       1%          2
h - Frozen Ramparts       Ice            100%       1d12      1%          3
i - Vampiric Draining     Necr           43%        2d12      1%          3
Your spell library was empty.

Dungeon Overview and Level Annotations

Branches:
Dungeon (8/15)             Temple (0/1) D:6
   Lair: D:8-11

Altars:
Elyvilon
Fedhas
Hepliaklqana
Trog
Zin

Shops:
D:1 *   D:2 =

Annotations:
D:2 Jewellry shop
D:4 2 transporters, mordus's ghost, amateur FeIE
D:5 2 transporters, bisexualwizard's ghost, amateur OpBr


Innate Abilities, Weirdness & Mutations

You are immune to sickness and miasma.
You are immune to poison.
Your flesh is very heat resistant. (rF++)
You are vulnerable to cold. (rC-)
You float through the air rather than walking.
You learn spells naturally, not from books.
Your magical power is your life essence.
You have superior vitality. (+4 HP)


Message History

The walls around you are covered in ice.
* * * LOW HITPOINT WARNING * * *
The wall freezes the wyvern! x2
Unknown command.
The wall freezes the wyvern.
You kill the wyvern!
You start resting.
The frozen ramparts melt away.
You start resting.
An elephant comes into view.
Casting: Frozen Ramparts (safe; 1% risk of failure)
Confirm with . or Enter, or press ? or * to list all spells.
The fire begins to smoulder!
The elephant trumpets!
* * * LOW HITPOINT WARNING * * *
The fire ignites!
Okay, then.
Okay, then.
Casting: Conjure Flame (safe; 1% risk of failure)
Confirm with . or Enter, or press ? or * to list all spells.
Casting: Frozen Ramparts (safe; 1% risk of failure)
Press: ? - help, Dir - look around, f - activate You feel a surge of power!
The walls around you are covered in ice.
* * * LOW HITPOINT WARNING * * *
The wall freezes the elephant!
Casting: Frozen Ramparts (safe; 1% risk of failure)
Confirm with . or Enter, or press ? or * to list all spells.
Aiming: Poisonous Vapours (safe; 1% risk of failure)
Press: ? - help, Dir - move target, f - elephant
Aim: an elephant (lightly wounded) Poisonous vapours surround the elephant!
* * * LOW HITPOINT WARNING * * *
The elephant is engulfed in poison gas.
The elephant is poisoned.
The wall freezes the elephant.
It was a potion of brilliance.
You feel clever all of a sudden.
The elephant is engulfed in blazing flames.
The wall freezes the elephant.
The elephant tramples you!
You die...

#..###.#####.........#
........ ...........#
#.#....# #...._....#
#.#....# #.........#
#....[.##
#.........###
#..#...###...)........
#.........####†######
###..##.....####.#
.#....#####...○Y@†##
...##.# #..###...#
##.##.# ##.# #..?#
......## #.# #...#
.#.....#####.##.....#
###......)##....###.#
###..........### .#
.....##.#....#.. ..
####. #......... ...


You could see an elephant (poisoned).

Vanquished Creatures
  A hornet (D:7)
  A slime creature (D:7)
  10 yaks (D:8)
  A wyvern (D:8)
  Edmund (D:4)
  2 water moccasins
  A black bear (D:8)
  2 ice beasts
  2 sky beasts
  2 phantoms
  3 centaurs
  An ogre (D:5)
  A kobold brigand (D:8)
  2 scorpions
  6 killer bees (D:7)
  3 howler monkeys
  2 bullfrog zombies
  4 centaur zombies
  2 centaur skeletons
  A jelly (D:7)
  5 hounds
  2 bullfrog skeletons
  2 orc priests
  Ijyb (D:4)
  4 iguanas
  4 orc wizards
  A hound skeleton (D:5)
  4 gnolls (D:3)
  3 adders
  A howler monkey skeleton (D:6)
  5 white imps
  4 ufetubi
  An adder skeleton (D:5)
  4 dart slugs
  16 orcs
  6 bats
  6 endoplasms
  2 giant cockroaches (D:2)
  7 goblins
  6 hobgoblins
  2 jackals (D:4)
  2 quokkas
  3 ball pythons
  5 frilled lizards
  11 kobolds
  6 rats
161 creatures vanquished.

Vanquished Creatures (others)
  A quokka (D:7)
  567 foxfires
  7 fungi (D:8)
  2 plants (D:8)
577 creatures vanquished.

Grand Total: 738 creatures vanquished

Notes
Turn   | Place    | Note
-------+----------+-------------------------------------------
     0 | D:1      | robertstho the Djinni Fire Elementalist began the quest for
                  | the Orb.
     0 | D:1      | Reached XP level 1. HP: 15/15 MP: 0/0
   520 | D:1      | Reached XP level 2. HP: 19/21 MP: 0/0
   574 | D:1      | Found Jicunur's Assorted Antiques.
   583 | D:1      | Bought a green potion for 23 gold pieces
   641 | D:1      | Found a faded altar of an unknown god.
   755 | D:1      | Reached skill level 3 in Spellcasting
  1119 | D:1      | Reached XP level 3. HP: 20/25 MP: 0/0
  1119 | D:1      | Learned a level 1 spell: Shock
  1388 | D:2      | Found Ifrysuuh's Jewellery Shop.
  2720 | D:3      | Reached XP level 4. HP: 25/31 MP: 0/0
  2979 | D:3      | Reached skill level 4 in Spellcasting
  2979 | D:3      | Reached XP level 5. HP: 18/35 MP: 0/0
  2979 | D:3      | Learned a level 2 spell: Poisonous Vapours
  3817 | D:4      | Noticed Edmund
  3822 | D:4      | Reached XP level 6. HP: 31/40 MP: 0/0
  3828 | D:4      | Found a transporter.
  3829 | D:4      | Noticed mordus's ghost (amateur FeIE)
  4136 | D:4      | Noticed Ijyb
  4143 | D:4      | HP: 2/40 [disintegration (32)]
  4150 | D:4      | Killed Ijyb
  4151 | D:4      | Reached skill level 5 in Spellcasting
  4631 | D:4      | Found a bloodstained altar of Trog.
  4774 | D:4      | Reached XP level 7. HP: 42/45 MP: 0/0
  4774 | D:4      | Learned a level 3 spell: Frozen Ramparts
  4838 | D:4      | Found a transporter.
  4953 | D:4      | Killed Edmund
  5611 | D:5      | Entered Level 5 of the Dungeon
  5785 | D:5      | Reached skill level 6 in Spellcasting
  5919 | D:5      | Found a transporter.
  5921 | D:5      | Noticed bisexualwizard's ghost (amateur OpBr)
  5945 | D:5      | Reached XP level 8. HP: 41/51 MP: 0/0
  6594 | D:5      | Found a transporter.
  6989 | D:6      | Found a hazy altar of Hepliaklqana.
  7022 | D:6      | Reached skill level 7 in Spellcasting
  7378 | D:6      | Found a staircase to the Ecumenical Temple.
  7437 | D:6      | Reached XP level 9. HP: 29/56 MP: 0/0
  7437 | D:6      | Learned a level 3 spell: Vampiric Draining
  7736 | D:6      | Identified a scroll of acquirement
  7737 | D:6      | Acquired the ring "Ibuck" {AC+4 Int+4}
  7777 | D:7      | Noticed a hornet
  7793 | D:7      | Reached skill level 1 in Fighting
  8086 | D:7      | Identified the +8 dagger "Quiwaxza" {venom, Contam Dex+6
                  | Stlth+}
  8216 | D:7      | Reached skill level 8 in Spellcasting
  8461 | D:7      | Killed a hornet
  8726 | D:7      | Noticed a slime creature
  8729 | D:7      | Killed a slime creature
  8792 | D:7      | Reached skill level 1 in Evocations
  8808 | D:7      | Found a white marble altar of Elyvilon.
  8810 | D:7      | Reached skill level 9 in Spellcasting
  9009 | D:7      | Reached XP level 10. HP: 4/63 MP: 0/0
  9314 | D:7      | Acquired the ring of Tiur {Ice Int+6}
 10062 | D:8      | Found a blossoming altar of Fedhas.
 10065 | D:8      | Reached skill level 1 in Long Blades
 10487 | D:8      | Found a glowing silver altar of Zin.
 10500 | D:8      | Reached skill level 10 in Spellcasting
 10503 | D:8      | Reached skill level 1 in Short Blades
 10511 | D:8      | Reached skill level 5 in Stealth
 10582 | D:8      | Noticed an elephant
 10589 | D:8      | Slain by an elephant

Illustrated notes

Levels and vault maps discovered:
D:1:      amcnicky_arrival_double_pillar, layout_basic, serial_shops,
          shop_statue, shapermc_ecumenical_altar_notcrosses
D:2:      layout_loops_corners, serial_shops,
          nicolae_shop_temple_entry_statues_fountains
D:3:      layout_rooms
D:4:      layout_loops_cross, nicolae_overflow_crystal_walls,
          gammafunk_ghost_arena, uniq_ijyb, uniq_edmund
D:5:      layout_cave_pools, gammafunk_ghost_mausoleum, minmay_quadrilaterals
D:6:      layout_rooms, nicolae_overflow_hidden_temple,
          minmay_temple_entry_antechambers
D:7:      layout_basic, elyvilon_altar_4, serial_rivers,
          chequers_serial_rivers_marsh, chequers_serial_rivers_small_3,
          chequers_serial_rivers_micro_a, chequers_serial_rivers_small_a,
          chequers_serial_rivers_room_b, chequers_serial_rivers_micro_a,
          hex_large, minmay_manual_mandibuliform
D:8:      layout_rooms, fedhas_altar_3, overflow_temple_1_default,
          old_standard_altar, david_lair_generic

Skill      XL: |  1  2  3  4  5  6  7  8  9 10 |
---------------+-------------------------------+-----
Spellcasting   | 3 4 5 6 7 9 10 | 10.4
Stealth        | 2 3 4 5 |  5.0
Dodging        | 3 |  3.7
Fighting       | 1 2 |  2.1
Evocations     | 1 2 |  2.1
Long Blades    | 1 |  1.2
Short Blades   | 1 |  1.0

Action                   |  1- 3 |  4- 6 |  7- 9 | 10-12 || total
-------------------------+-------+-------+-------+-------++-------
Melee: Whip              |     3 |       |       |       ||     3
       Dagger            |       |       |     5 |       ||     5
       Long sword        |       |       |     3 |       ||     3
 Cast: Foxfire           |    86 |   100 |   151 |       ||   337
       Poisonous Vapours |       |     8 |    10 |     2 ||    20
       Sticky Flame      |       |       |    14 |       ||    14
       Fireball          |       |       |    29 |    25 ||    54
       Conjure Flame     |       |       |       |     2 ||     2
       Frozen Ramparts   |       |       |       |     2 ||     2
Evoke: Wand              |       |     1 |     5 |     3 ||     9
  Use: Scroll            |     2 |     2 |     4 |     2 ||    10
       Potion            |       |     2 |     1 |     1 ||     4
Armor: Robe              |     2 |     7 |     9 |     1 ||    19
Dodge: Dodged            |    10 |     8 |    30 |     3 ||    51
Block: Other             |       |       |       |     2 ||     2
       Reflection        |       |       |       |     2 ||     2

Table legend: (Time is in decaauts)
 A = Elapsed time spent in this place.
 B = Non-inter-level travel time spent in this place.
 C = Inter-level travel time spent in this place.
 D = Time resting spent in this place.
 E = Time spent auto-exploring this place.
 F = Levels seen in this place.
 G = Mean time per level.
                   A        B        C        D        E       F      G
               +--------+--------+--------+--------+--------+-----+--------+
         Total |  10568 |  10340 |    228 |   1476 |   7905 |   8 | 1321.0 |
       Dungeon |  10568 |  10340 |    228 |   1476 |   7905 |   8 | 1321.0 |
               +--------+--------+--------+--------+--------+-----+--------+

Top non-repeatable levels by time:
     D:7: 2217 daAuts
     D:4: 1788 daAuts
     D:1: 1387 daAuts
     D:5: 1273 daAuts
     D:3: 1215 daAuts
     D:2: 1199 daAuts
     D:6: 1150 daAuts
     D:8: 336 daAuts
